cohdb
Replays
Latest Replays
All Replays
Popular Replays
Top Player Replays
Match Explorer
How It Works
Community
CoH3 Stats
Reddit
Sign in to upload your games and track your stats! →
Sign in with Steam
Match 40134505
Unlisted
Match 40134505
Overview
Messages
Build Orders
End
Selects Italian Combined Arms Battlegroup
Selects Bersaglieri Squad
Bersaglieri Squad
Kradschützen Motorcycle Team
Panzerpioneer Squad
Bersaglieri Squad
Construct Light Support Kompanie
MG34 Team
2.5-tonne Medical Truck
Bersaglieri Squad
Fire Support Elements
Combat Half-tracks
Pak 38 Mechanized Group
Forward Retreat Point
Construct Panzerarmee Kommand
Selects Semovente da 75/18 Assault Gun
Selects Strafing Run
Strafing Run
Panzer III L Medium Tank
Pak 38 Mechanized Group
Emergency Repair Kits
UH|dun! ツ
UH|ck
UH|XTC
iceman
ZyAcroQC
The Donald
Braz
I3lackspy28
0
0
Comments
sign in to comment!
No comments posted yet!